 Dungeon Crawl Stone Soup version 0.26-a0-376-g13fbb91ece (webtiles) character file.

Game seed: 11531382708177271863

1357 Glokmah the Firebug (level 8, -9/66 HPs)
             Began as a Yellow Draconian Fire Elementalist on July 20, 2020.
             Engulfed by a cloud of flame (16 damage)
             ... on level 6 of the Dungeon.
             The game lasted 00:13:58 (7795 turns).

Glokmah the Firebug (DrFE)                          Turns: 7795, Time: 00:13:59

Health: -9/66      AC:  7    Str: 11    XL:     8   Next: 37%
Magic:  13/13      EV: 14    Int: 18    God:
Gold:   376        SH:  0    Dex: 17    Spells: 6/14 levels left

rFire    . . .     SeeInvis .   c - +2 trident (vamp)
rCold    . . .     Faith    .   (no shield)
rNeg     . . .     Spirit   .   (armour unavailable)
rPois    .         Reflect  .   (helmet restricted)
rElec    .         Harm     .   (no cloak)
rCorr    +                      (no gloves)
MR       .....                  h - +0 pair of boots
Stlth    +.........             n - amulet of magic regeneration
HPRegen  0.21/turn              s - +6 ring of dexterity
MPRegen  0.38/turn              (no ring)

@: confused
A: spit acid, unfitting armour, cold-blooded, acid resistance, AC +6
a: Breathe Acid


You were on level 6 of the Dungeon.
You visited 1 branch of the dungeon, and saw 6 of its levels.

You collected 376 gold pieces.

Inventory:

Hand Weapons
 a - a +2 short sword of holy wrath
 b - a +2 vorpal falchion
 c - a +2 vampiric trident (weapon)
Missiles
 d - 6 silver javelins
 e - 135 stones
 l - 25 poisoned darts (quivered)
Armour
 h - a +0 pair of boots (worn)
 i - a +0 buckler
 t - a cursed +0 kite shield
Jewellery
 n - an amulet of magic regeneration (around neck)
 s - a +6 ring of dexterity (left hand)
Wands
 j - a wand of flame (23)
 u - a wand of digging (7)
Scrolls
 f - 2 scrolls of remove curse
 g - a scroll of amnesia
 k - 3 scrolls of blinking
 p - a scroll of identify
 r - a scroll of teleportation
 v - a scroll of immolation
 w - a scroll of magic mapping {unknown}
 y - a scroll of enchant weapon {unknown}
Potions
 m - 3 potions of heal wounds
 o - a potion of resistance {unknown}
 q - a potion of brilliance {unknown}
 x - a potion of mutation {unknown}


   Skills:
 + Level 3.8 Fighting
 + Level 3.7 Dodging
 - Level 1.7 Stealth
 + Level 2.8 Shields
 + Level 3.9 Spellcasting
 * Level 4.7 Conjurations
 * Level 6.2 Fire Magic


You had 6 spell levels left.
You knew the following spells:

 Your Spells              Type           Power        Failure   Level
a - Foxfire               Conj/Fire      ###.         1%          1
b - Conjure Flame         Conj/Fire      ###.....     4%          3
c - Sticky Flame          Conj/Fire      ###.....     16%         4

Your spell library contained the following spells:

 Spells                   Type           Power        Failure   Level
 Inner Flame              Hex/Fire       ##......     12%         3
 Fireball                 Conj/Fire      ###.......   41%         5


Dungeon Overview and Level Annotations

Branches:
Dungeon (6/15)
 Temple: D:4-7

Altars:
Nemelex Xobeh
Okawaru
Yredelemnul


Innate Abilities, Weirdness & Mutations

You can spit globs of acid.
Your golden yellow scales are hard. (AC +6)
You cannot fit into any form of body armour.
You are cold-blooded and may be slowed by cold attacks.
You are resistant to acid. (rCorr)


Message History

The magic dart hits you.
The fire ignites!
You are too injured to fight recklessly!
Press: ? - help, Dir - move target cursor You reach to attack!
You miss something.
A magic dart appears from out of thin air!
The magic dart hits you.
* * * LOW HITPOINT WARNING * * *
Press: ? - help, Dir - move target cursor You reach to attack!
You closely miss something.
You hear some strange, mumbled words.
You are confused.
You're too confused!
You bump into the rock wall.
Unknown command.
You bump into the rock wall.
You are engulfed in blazing flames.
* * * LOW HITPOINT WARNING * * *
Something barely misses you.
You bump into the rock wall.
You are engulfed in blazing flames.
You die...

#################
#.....))........#
#.#############.#
#.# #.# #@# #.#
#{# #.#
#########)######
#.#
........$).....#
###.#
######.....##.#
##.#.# #..##.#
##...<## #..# .#
#....... #[.#
.#... ###...###
...# .... ..##.##


There were no monsters in sight!

Vanquished Creatures
  Grinder (D:5)
  Eustachio (D:5)
  Duvessa (D:5)
  A sky beast (D:6)
  An ice beast (D:5)
  A centaur (D:6)
  Dowan (D:5)
  3 scorpions
  2 orc wizards (D:6)
  3 bullfrog skeletons
  An iguana (D:3)
  3 worker ants
  4 adders
  7 gnolls
  A shadow imp (D:6)
  An ufetubus (D:5)
  2 oozes
  An adder zombie (D:5)
  4 leopard geckos
  9 orcs
  6 giant cockroaches
  6 goblins
  5 hobgoblins
  7 kobolds
  2 quokkas
  2 ball pythons
  6 bats
  9 frilled lizards
  4 rats
95 creatures vanquished.

Vanquished Creatures (others)
  228 foxfires
228 creatures vanquished.

Grand Total: 323 creatures vanquished

Notes
Turn   | Place    | Note
-------+----------+-------------------------------------------
     0 | D:1      | Glokmah the Draconian Fire Elementalist began the quest for
                  | the Orb.
     0 | D:1      | Reached XP level 1. HP: 14/14 MP: 3/3
   532 | D:1      | Reached XP level 2. HP: 22/22 MP: 1/5
  1224 | D:2      | Reached skill level 1 in Fighting
  1292 | D:1      | Reached XP level 3. HP: 14/28 MP: 1/6
  1407 | D:1      | Learned a level 3 spell: Conjure Flame
  1766 | D:2      | Reached XP level 4. HP: 35/35 MP: 3/7
  2620 | D:3      | Found an iron altar of Okawaru.
  2727 | D:3      | Reached skill level 4 in Fire Magic
  2764 | D:3      | Reached XP level 5. HP: 38/41 MP: 4/8
  3838 | D:4      | Learned a level 4 spell: Sticky Flame
  4425 | D:4      | Found a sparkling altar of Nemelex Xobeh.
  4662 | D:4      | Reached XP level 6. HP: 43/48 MP: 10/10
  4874 | D:5      | Entered Level 5 of the Dungeon
  4960 | D:5      | Noticed Eustachio
  5397 | D:5      | Reached skill level 1 in Shields
  5453 | D:5      | Noticed an ice beast
  5471 | D:5      | Killed an ice beast
  5942 | D:5      | Noticed Grinder
  5953 | D:5      | Killed Grinder
  5953 | D:5      | Reached skill level 5 in Fire Magic
  5953 | D:5      | Your scales start taking on a golden yellow colour.
  5953 | D:5      | Reached XP level 7. HP: 24/56 MP: 8/12
  5953 | D:5      | Gained mutation: You are resistant to acid. (rCorr) [Yellow
                  | Draconian growth]
  6516 | D:5      | Killed Eustachio
  6576 | D:5      | Noticed Dowan
  6593 | D:5      | Noticed Duvessa
  6642 | D:5      | Killed Dowan
  6978 | D:5      | Killed Duvessa
  7222 | D:6      | Found a basalt altar of Yredelemnul.
  7244 | D:6      | Reached XP level 8. HP: 60/63 MP: 13/13
  7460 | D:6      | Reached skill level 6 in Fire Magic
  7795 | D:6      | Engulfed by a cloud of flame

Illustrated notes

Levels and vault maps discovered:
D:1:      nzn_arrival_depleted_hourglass, layout_loops_ring
D:2:      layout_loops_ring, wander_ebering_terrifying_dragon_lair
D:3:      layout_basic, okawaru_trees_1
D:4:      layout_basic, serial_curves, eino_curves_04, eino_curves_02,
          nemelex_dance_club_becter
D:5:      layout_basic, uniq_eustachio, uniq_duvessa, uniq_grinder
D:6:      layout_loops_ring, basic_altar, uniq_menkaure

Skill      XL: |  1  2  3  4  5  6  7  8 |
---------------+-------------------------+-----
Dodging        | 2 3 |  3.7
Fighting       | 1 2 3 |  3.8
Fire Magic     | 4 5 6 |  6.2
Conjurations   | 2 3 4 |  4.7
Shields        | 1 2 |  2.8
Spellcasting   | 3 |  3.9
Stealth        | |  1.7

Action                   |  1- 3 |  4- 6 |  7- 9 || total
-------------------------+-------+-------+-------++-------
Melee: Dagger            |     6 |       |       ||     6
       Short sword       |    38 |    97 |    38 ||   173
       Tailslap          |     7 |     7 |     7 ||    21
       Spear             |       |     4 |    36 ||    40
       Falchion          |       |       |    19 ||    19
       Trident           |       |       |    30 ||    30
 Cast: Foxfire           |    27 |    68 |    53 ||   148
       Conjure Flame     |       |     2 |    12 ||    14
 Abil: Breathe Acid      |       |       |     6 ||     6
  Use: Scroll            |       |     7 |       ||     7
 Stab: Sleeping          |     6 |     7 |     1 ||    14
Armor: Skin              |    17 |    40 |    37 ||    94
Dodge: Dodged            |    27 |   105 |   110 ||   242
       Rpst.: Falchion   |       |       |     3 ||     3

Table legend: (Time is in decaauts)
 A = Elapsed time spent in this place.
 B = Non-inter-level travel time spent in this place.
 C = Inter-level travel time spent in this place.
 D = Time resting spent in this place.
 E = Time spent auto-exploring this place.
 F = Levels seen in this place.
 G = Mean time per level.
                   A        B        C        D        E       F      G
               +--------+--------+--------+--------+--------+-----+--------+
         Total |   7834 |   7268 |    566 |   1815 |   3846 |   6 | 1305.7 |
       Dungeon |   7834 |   7268 |    566 |   1815 |   3846 |   6 | 1305.7 |
               +--------+--------+--------+--------+--------+-----+--------+
